Workbook

Sheet DV-SSO-CE Tool
A1: DV-SSO-CE Monitoring Tool | B1: 1 | C1: =B1+1 -> 2 | D1: =C1+1 -> 3 | E1: =D1+1 -> 4 | F1: =E1+1 -> 5 | G1: =F1+1 -> 6 | H1: =G1+1 -> 7 | I1: =H1+1 -> 8 | J1: =I1+1 -> 9 | ... AY1: =AX1+1 -> 50
A2: Agency Name
A3: Program Name
A4: Monitoring Date
A6: Client ID HMIS
A7: Last Name
A8: Entry Date
A9: Exit Date
A10: Length of Stay-Days | B10: =IF(B9="",$B$4-B8,B9-B8) -> 0 | C10: =IF(C9="",$B$4-C8,C9-C8) -> 0 | D10: =IF(D9="",$B$4-D8,D9-D8) -> 0 | E10: =IF(E9="",$B$4-E8,E9-E8) -> 0 | F10: =IF(F9="",$B$4-F8,F9-F8) -> 0 | G10: =IF(G9="",$B$4-G8,G9-G8) -> 0 | H10: =IF(H9="",$B$4-H8,H9-H8) -> 0 | I10: =IF(I9="",$B$4-I8,I9-I8) -> 0 | ... AY10: =IF(AY9="",$B$4-AY8,AY9-AY8) -> 0
A13: Standard | B13: Determination and Notes | C13: Determination and Notes | D13: Determination and Notes | E13: Determination and Notes | F13: Determination and Notes | G13: Determination and Notes | H13: Determination and Notes | I13: Determination and Notes | J13: Determination and Notes | K13: Determination and Notes | L13: Determination and Notes | M13: Determination and Notes | N13: Determination and Notes | O13: Determination and Notes | P13: Determination and Notes | Q13: Determination and Notes | R13: Determination and Notes | S13: Determination and Notes | T13: Determination and Notes | U13: Determination and Notes | V13: Determination and Notes | W13: Determination and Notes | X13: Determination and Notes | Y13: Determination and Notes | Z13: Determination and Notes | AA13: Determination and Notes | AB13: Determination and Notes | AC13: Determination and Notes | AD13: Determination and Notes | AE13: Determination and Notes | AF13: Determination and Notes | AG13: Determination and Notes | AH13: Determination and Notes | AI13: Determination and Notes | AJ13: Determination and Notes | AK13: Determination and Notes | AL13: Determination and Notes | AM13: Determination and Notes | AN13: Determination and Notes | AO13: Determination and Notes | AP13: Determination and Notes | AQ13: Determination and Notes | AR13: Determination and Notes | AS13: Determination and Notes | AT13: Determination and Notes | AU13: Determination and Notes | AV13: Determination and Notes | AW13: Determination and Notes | AX13: Determination and Notes | AY13: Determination and Notes
A14: Documentation of Homlessness
A16: Evaluation / Needs Assessment
A18: Annual Reassessment
A20: Termination and Appeals Acknowledgement
A22: Termination and Appeals Documentation
A24: Individualized Housing Stability Plans
A26: Case file documentation
A28: Lease or Housing Agreement Requirements
A30: VAWA client notification
A32: Assessment/Prioritization (HAST/RPT)
A34: Documentation of Habitability Inspection
A36: Lead Based Paint
... A42: FMR/Rent Reasonableness
B48: Yes
B49: No
B50: N/A
A52: =A14 -> Documentation of Homlessness
A53: Files Reviewed | B53: =IF(B14="",0,1) -> 0 | C53: =IF(C14="",0,1) -> 0 | D53: =IF(D14="",0,1) -> 0 | E53: =IF(E14="",0,1) -> 0 | F53: =IF(F14="",0,1) -> 0 | G53: =IF(G14="",0,1) -> 0 | H53: =IF(H14="",0,1) -> 0 | I53: =IF(I14="",0,1) -> 0 | ... AY53: =IF(AY14="",0,1) -> 0 | AZ53: =SUM(B53:AY53) -> 0
A54: Applicable Files | B54: =IF(B14="N/A",0,1) -> 1 | C54: =IF(C14="N/A",0,1) -> 1 | D54: =IF(D14="N/A",0,1) -> 1 | E54: =IF(E14="N/A",0,1) -> 1 | F54: =IF(F14="N/A",0,1) -> 1 | G54: =IF(G14="N/A",0,1) -> 1 | H54: =IF(H14="N/A",0,1) -> 1 | I54: =IF(I14="N/A",0,1) -> 1 | ... AY54: =IF(AY14="N/A",0,1) -> 1 | AZ54: =SUM(B54:AY54) -> 50
A55: Non Compliant | B55: =IF(B14="NO",1,0) -> 0 | C55: =IF(C14="NO",1,0) -> 0 | D55: =IF(D14="NO",1,0) -> 0 | E55: =IF(E14="NO",1,0) -> 0 | F55: =IF(F14="NO",1,0) -> 0 | G55: =IF(G14="NO",1,0) -> 0 | H55: =IF(H14="NO",1,0) -> 0 | I55: =IF(I14="NO",1,0) -> 0 | ... AY55: =IF(AY14="NO",1,0) -> 0 | AZ55: =SUM(B55:AY55) -> 0
A56: =A16 -> Evaluation / Needs Assessment
A57: Files Reviewed | B57: =IF(B16="",0,1) -> 0 | C57: =IF(C16="",0,1) -> 0 | D57: =IF(D16="",0,1) -> 0 | E57: =IF(E16="",0,1) -> 0 | F57: =IF(F16="",0,1) -> 0 | G57: =IF(G16="",0,1) -> 0 | H57: =IF(H16="",0,1) -> 0 | I57: =IF(I16="",0,1) -> 0 | ... AY57: =IF(AY16="",0,1) -> 0 | AZ57: =SUM(B57:AY57) -> 0
A58: Applicable Files | B58: =IF(B16="N/A",0,1) -> 1 | C58: =IF(C16="N/A",0,1) -> 1 | D58: =IF(D16="N/A",0,1) -> 1 | E58: =IF(E16="N/A",0,1) -> 1 | F58: =IF(F16="N/A",0,1) -> 1 | G58: =IF(G16="N/A",0,1) -> 1 | H58: =IF(H16="N/A",0,1) -> 1 | I58: =IF(I16="N/A",0,1) -> 1 | ... AY58: =IF(AY16="N/A",0,1) -> 1 | AZ58: =SUM(B58:AY58) -> 50
A59: Non Compliant | B59: =IF(B16="NO",1,0) -> 0 | C59: =IF(C16="NO",1,0) -> 0 | D59: =IF(D16="NO",1,0) -> 0 | E59: =IF(E16="NO",1,0) -> 0 | F59: =IF(F16="NO",1,0) -> 0 | G59: =IF(G16="NO",1,0) -> 0 | H59: =IF(H16="NO",1,0) -> 0 | I59: =IF(I16="NO",1,0) -> 0 | ... AY59: =IF(AY16="NO",1,0) -> 0 | AZ59: =SUM(B59:AY59) -> 0
A60: =A18 -> Annual Reassessment
A61: Files Reviewed | B61: =IF(B18="",0,1) -> 0 | C61: =IF(C18="",0,1) -> 0 | D61: =IF(D18="",0,1) -> 0 | E61: =IF(E18="",0,1) -> 0 | F61: =IF(F18="",0,1) -> 0 | G61: =IF(G18="",0,1) -> 0 | H61: =IF(H18="",0,1) -> 0 | I61: =IF(I18="",0,1) -> 0 | ... AY61: =IF(AY18="",0,1) -> 0 | AZ61: =SUM(B61:AY61) -> 0
A62: Applicable Files | B62: =IF(B18="N/A",0,1) -> 1 | C62: =IF(C18="N/A",0,1) -> 1 | D62: =IF(D18="N/A",0,1) -> 1 | E62: =IF(E18="N/A",0,1) -> 1 | F62: =IF(F18="N/A",0,1) -> 1 | G62: =IF(G18="N/A",0,1) -> 1 | H62: =IF(H18="N/A",0,1) -> 1 | I62: =IF(I18="N/A",0,1) -> 1 | ... AY62: =IF(AY18="N/A",0,1) -> 1 | AZ62: =SUM(B62:AY62) -> 50
A63: Non Compliant | B63: =IF(B18="NO",1,0) -> 0 | C63: =IF(C18="NO",1,0) -> 0 | D63: =IF(D18="NO",1,0) -> 0 | E63: =IF(E18="NO",1,0) -> 0 | F63: =IF(F18="NO",1,0) -> 0 | G63: =IF(G18="NO",1,0) -> 0 | H63: =IF(H18="NO",1,0) -> 0 | I63: =IF(I18="NO",1,0) -> 0 | ... AY63: =IF(AY18="NO",1,0) -> 0 | AZ63: =SUM(B63:AY63) -> 0
A64: =A20 -> Termination and Appeals Acknowledgement
A65: Files Reviewed | B65: =IF(B20="",0,1) -> 0 | C65: =IF(C20="",0,1) -> 0 | D65: =IF(D22="",0,1) -> 0 | E65: =IF(E22="",0,1) -> 0 | F65: =IF(F22="",0,1) -> 0 | G65: =IF(G22="",0,1) -> 0 | H65: =IF(H22="",0,1) -> 0 | I65: =IF(I22="",0,1) -> 0 | J65: =IF(J22="",0,1) -> 0 | K65: =IF(K22="",0,1) -> 0 | ... AY65: =IF(AY22="",0,1) -> 0 | AZ65: =SUM(B65:AY65) -> 0
A66: Applicable Files | B66: =IF(B20="N/A",0,1) -> 1 | C66: =IF(C20="N/A",0,1) -> 1 | D66: =IF(D20="N/A",0,1) -> 1 | E66: =IF(E20="N/A",0,1) -> 1 | F66: =IF(F20="N/A",0,1) -> 1 | G66: =IF(G20="N/A",0,1) -> 1 | H66: =IF(H20="N/A",0,1) -> 1 | I66: =IF(I20="N/A",0,1) -> 1 | ... AY66: =IF(AY20="N/A",0,1) -> 1 | AZ66: =SUM(B66:AY66) -> 50
A67: Non Compliant | B67: =IF(B20="NO",1,0) -> 0 | C67: =IF(C20="NO",1,0) -> 0 | D67: =IF(D20="NO",1,0) -> 0 | E67: =IF(E20="NO",1,0) -> 0 | F67: =IF(F20="NO",1,0) -> 0 | G67: =IF(G20="NO",1,0) -> 0 | H67: =IF(H20="NO",1,0) -> 0 | I67: =IF(I20="NO",1,0) -> 0 | ... AY67: =IF(AY20="NO",1,0) -> 0 | AZ67: =SUM(B67:AY67) -> 0
A68: =A22 -> Termination and Appeals Documentation
A69: Files Reviewed | B69: =IF(B22="",0,1) -> 0 | C69: =IF(C22="",0,1) -> 0 | D69: =IF(D22="",0,1) -> 0 | E69: =IF(E22="",0,1) -> 0 | F69: =IF(F22="",0,1) -> 0 | G69: =IF(G22="",0,1) -> 0 | H69: =IF(H22="",0,1) -> 0 | I69: =IF(I22="",0,1) -> 0 | ... AY69: =IF(AY22="",0,1) -> 0 | AZ69: =SUM(B69:AY69) -> 0
A70: Applicable Files | B70: =IF(B22="N/A",0,1) -> 1 | C70: =IF(C22="N/A",0,1) -> 1 | D70: =IF(D22="N/A",0,1) -> 1 | E70: =IF(E22="N/A",0,1) -> 1 | F70: =IF(F22="N/A",0,1) -> 1 | G70: =IF(G22="N/A",0,1) -> 1 | H70: =IF(H22="N/A",0,1) -> 1 | I70: =IF(I22="N/A",0,1) -> 1 | ... AY70: =IF(AY22="N/A",0,1) -> 1 | AZ70: =SUM(B70:AY70) -> 50
A71: Non Compliant | B71: =IF(B22="NO",1,0) -> 0 | C71: =IF(C22="NO",1,0) -> 0 | D71: =IF(D22="NO",1,0) -> 0 | E71: =IF(E22="NO",1,0) -> 0 | F71: =IF(F22="NO",1,0) -> 0 | G71: =IF(G22="NO",1,0) -> 0 | H71: =IF(H22="NO",1,0) -> 0 | I71: =IF(I22="NO",1,0) -> 0 | ... AY71: =IF(AY22="NO",1,0) -> 0 | AZ71: =SUM(B71:AY71) -> 0
A72: =A24 -> Individualized Housing Stability Plans
A73: Files Reviewed | B73: =IF(B24="",0,1) -> 0 | C73: =IF(C24="",0,1) -> 0 | D73: =IF(D24="",0,1) -> 0 | E73: =IF(E24="",0,1) -> 0 | F73: =IF(F24="",0,1) -> 0 | G73: =IF(G24="",0,1) -> 0 | H73: =IF(H24="",0,1) -> 0 | I73: =IF(I24="",0,1) -> 0 | ... AY73: =IF(AY24="",0,1) -> 0 | AZ73: =SUM(B73:AY73) -> 0
A74: Applicable Files | B74: =IF(B24="N/A",0,1) -> 1 | C74: =IF(C24="N/A",0,1) -> 1 | D74: =IF(D24="N/A",0,1) -> 1 | E74: =IF(E24="N/A",0,1) -> 1 | F74: =IF(F24="N/A",0,1) -> 1 | G74: =IF(G24="N/A",0,1) -> 1 | H74: =IF(H24="N/A",0,1) -> 1 | I74: =IF(I24="N/A",0,1) -> 1 | ... AY74: =IF(AY24="N/A",0,1) -> 1 | AZ74: =SUM(B74:AY74) -> 50
A75: Non Compliant | B75: =IF(B24="NO",1,0) -> 0 | C75: =IF(C24="NO",1,0) -> 0 | D75: =IF(D24="NO",1,0) -> 0 | E75: =IF(E24="NO",1,0) -> 0 | F75: =IF(F24="NO",1,0) -> 0 | G75: =IF(G24="NO",1,0) -> 0 | H75: =IF(H24="NO",1,0) -> 0 | I75: =IF(I24="NO",1,0) -> 0 | ... AY75: =IF(AY24="NO",1,0) -> 0 | AZ75: =SUM(B75:AY75) -> 0
A76: =A26 -> Case file documentation
A77: Files Reviewed | B77: =IF(B26="",0,1) -> 0 | C77: =IF(C26="",0,1) -> 0 | D77: =IF(D26="",0,1) -> 0 | E77: =IF(E26="",0,1) -> 0 | F77: =IF(F26="",0,1) -> 0 | G77: =IF(G26="",0,1) -> 0 | H77: =IF(H26="",0,1) -> 0 | I77: =IF(I26="",0,1) -> 0 | ... AY77: =IF(AY26="",0,1) -> 0 | AZ77: =SUM(B77:AY77) -> 0
A78: Applicable Files | B78: =IF(B26="N/A",0,1) -> 1 | C78: =IF(C26="N/A",0,1) -> 1 | D78: =IF(D26="N/A",0,1) -> 1 | E78: =IF(E26="N/A",0,1) -> 1 | F78: =IF(F26="N/A",0,1) -> 1 | G78: =IF(G26="N/A",0,1) -> 1 | H78: =IF(H26="N/A",0,1) -> 1 | I78: =IF(I26="N/A",0,1) -> 1 | ... AY78: =IF(AY26="N/A",0,1) -> 1 | AZ78: =SUM(B78:AY78) -> 50
A79: Non Compliant | B79: =IF(B26="NO",1,0) -> 0 | C79: =IF(C26="NO",1,0) -> 0 | D79: =IF(D26="NO",1,0) -> 0 | E79: =IF(E26="NO",1,0) -> 0 | F79: =IF(F26="NO",1,0) -> 0 | G79: =IF(G26="NO",1,0) -> 0 | H79: =IF(H26="NO",1,0) -> 0 | I79: =IF(I26="NO",1,0) -> 0 | ... AY79: =IF(AY26="NO",1,0) -> 0 | AZ79: =SUM(B79:AY79) -> 0
A80: =A28 -> Lease or Housing Agreement Requirements
A81: Files Reviewed | B81: =IF(B28="",0,1) -> 0 | C81: =IF(C28="",0,1) -> 0 | D81: =IF(D28="",0,1) -> 0 | E81: =IF(E28="",0,1) -> 0 | F81: =IF(F28="",0,1) -> 0 | G81: =IF(G28="",0,1) -> 0 | H81: =IF(H28="",0,1) -> 0 | I81: =IF(I28="",0,1) -> 0 | ... AY81: =IF(AY28="",0,1) -> 0 | AZ81: =SUM(B81:AY81) -> 0
A82: Applicable Files | B82: =IF(B28="N/A",0,1) -> 1 | C82: =IF(C28="N/A",0,1) -> 1 | D82: =IF(D28="N/A",0,1) -> 1 | E82: =IF(E28="N/A",0,1) -> 1 | F82: =IF(F28="N/A",0,1) -> 1 | G82: =IF(G28="N/A",0,1) -> 1 | H82: =IF(H28="N/A",0,1) -> 1 | I82: =IF(I28="N/A",0,1) -> 1 | ... AY82: =IF(AY28="N/A",0,1) -> 1 | AZ82: =SUM(B82:AY82) -> 50
A83: Non Compliant | B83: =IF(B28="NO",1,0) -> 0 | C83: =IF(C28="NO",1,0) -> 0 | D83: =IF(D28="NO",1,0) -> 0 | E83: =IF(E28="NO",1,0) -> 0 | F83: =IF(F28="NO",1,0) -> 0 | G83: =IF(G28="NO",1,0) -> 0 | H83: =IF(H28="NO",1,0) -> 0 | I83: =IF(I28="NO",1,0) -> 0 | ... AY83: =IF(AY28="NO",1,0) -> 0 | AZ83: =SUM(B83:AY83) -> 0
A84: =A30 -> VAWA client notification
A85: Files Reviewed | B85: =IF(B30="",0,1) -> 0 | C85: =IF(C30="",0,1) -> 0 | D85: =IF(D30="",0,1) -> 0 | E85: =IF(E30="",0,1) -> 0 | F85: =IF(F30="",0,1) -> 0 | G85: =IF(G30="",0,1) -> 0 | H85: =IF(H30="",0,1) -> 0 | I85: =IF(I30="",0,1) -> 0 | ... AY85: =IF(AY30="",0,1) -> 0 | AZ85: =SUM(B85:AY85) -> 0
A86: Applicable Files | B86: =IF(B30="N/A",0,1) -> 1 | C86: =IF(C30="N/A",0,1) -> 1 | D86: =IF(D30="N/A",0,1) -> 1 | E86: =IF(E30="N/A",0,1) -> 1 | F86: =IF(F30="N/A",0,1) -> 1 | G86: =IF(G30="N/A",0,1) -> 1 | H86: =IF(H30="N/A",0,1) -> 1 | I86: =IF(I30="N/A",0,1) -> 1 | ... AY86: =IF(AY30="N/A",0,1) -> 1 | AZ86: =SUM(B86:AY86) -> 50
A87: Non Compliant | B87: =IF(B30="NO",1,0) -> 0 | C87: =IF(C30="NO",1,0) -> 0 | D87: =IF(D30="NO",1,0) -> 0 | E87: =IF(E30="NO",1,0) -> 0 | F87: =IF(F30="NO",1,0) -> 0 | G87: =IF(G30="NO",1,0) -> 0 | H87: =IF(H30="NO",1,0) -> 0 | I87: =IF(I30="NO",1,0) -> 0 | ... AY87: =IF(AY30="NO",1,0) -> 0 | AZ87: =SUM(B87:AY87) -> 0
A88: =A32 -> Assessment/Prioritization (HAST/RPT)
A89: Files Reviewed | B89: =IF(B32="",0,1) -> 0 | C89: =IF(C32="",0,1) -> 0 | D89: =IF(D32="",0,1) -> 0 | E89: =IF(E32="",0,1) -> 0 | F89: =IF(F32="",0,1) -> 0 | G89: =IF(G32="",0,1) -> 0 | H89: =IF(H32="",0,1) -> 0 | I89: =IF(I32="",0,1) -> 0 | ... AY89: =IF(AY32="",0,1) -> 0 | AZ89: =SUM(B89:AY89) -> 0
A90: Applicable Files | B90: =IF(B32="N/A",0,1) -> 1 | C90: =IF(C32="N/A",0,1) -> 1 | D90: =IF(D32="N/A",0,1) -> 1 | E90: =IF(E32="N/A",0,1) -> 1 | F90: =IF(F32="N/A",0,1) -> 1 | G90: =IF(G32="N/A",0,1) -> 1 | H90: =IF(H32="N/A",0,1) -> 1 | I90: =IF(I32="N/A",0,1) -> 1 | ... AY90: =IF(AY32="N/A",0,1) -> 1 | AZ90: =SUM(B90:AY90) -> 50
A91: Non Compliant | B91: =IF(B32="NO",1,0) -> 0 | C91: =IF(C32="NO",1,0) -> 0 | D91: =IF(D32="NO",1,0) -> 0 | E91: =IF(E32="NO",1,0) -> 0 | F91: =IF(F32="NO",1,0) -> 0 | G91: =IF(G32="NO",1,0) -> 0 | H91: =IF(H32="NO",1,0) -> 0 | I91: =IF(I32="NO",1,0) -> 0 | ... AY91: =IF(AY32="NO",1,0) -> 0 | AZ91: =SUM(B91:AY91) -> 0
A92: =A34 -> Documentation of Habitability Inspection
A93: Files Reviewed | B93: =IF(B34="",0,1) -> 0 | C93: =IF(C34="",0,1) -> 0 | D93: =IF(D34="",0,1) -> 0 | E93: =IF(E34="",0,1) -> 0 | F93: =IF(F34="",0,1) -> 0 | G93: =IF(G34="",0,1) -> 0 | H93: =IF(H34="",0,1) -> 0 | I93: =IF(I34="",0,1) -> 0 | ... AY93: =IF(AY34="",0,1) -> 0 | AZ93: =SUM(B93:AY93) -> 0
A94: Applicable Files | B94: =IF(B34="N/A",0,1) -> 1 | C94: =IF(C34="N/A",0,1) -> 1 | D94: =IF(D34="N/A",0,1) -> 1 | E94: =IF(E34="N/A",0,1) -> 1 | F94: =IF(F34="N/A",0,1) -> 1 | G94: =IF(G34="N/A",0,1) -> 1 | H94: =IF(H34="N/A",0,1) -> 1 | I94: =IF(I34="N/A",0,1) -> 1 | ... AY94: =IF(AY34="N/A",0,1) -> 1 | AZ94: =SUM(B94:AY94) -> 50
A95: Non Compliant | B95: =IF(B34="NO",1,0) -> 0 | C95: =IF(C34="NO",1,0) -> 0 | D95: =IF(D34="NO",1,0) -> 0 | E95: =IF(E34="NO",1,0) -> 0 | F95: =IF(F34="NO",1,0) -> 0 | G95: =IF(G34="NO",1,0) -> 0 | H95: =IF(H34="NO",1,0) -> 0 | I95: =IF(I34="NO",1,0) -> 0 | ... AY95: =IF(AY34="NO",1,0) -> 0 | AZ95: =SUM(B95:AY95) -> 0
A96: =A36 -> Lead Based Paint
A97: Files Reviewed | B97: =IF(B36="",0,1) -> 0 | C97: =IF(C36="",0,1) -> 0 | D97: =IF(D36="",0,1) -> 0 | E97: =IF(E36="",0,1) -> 0 | F97: =IF(F36="",0,1) -> 0 | G97: =IF(G36="",0,1) -> 0 | H97: =IF(H36="",0,1) -> 0 | I97: =IF(I36="",0,1) -> 0 | ... AY97: =IF(AY36="",0,1) -> 0 | AZ97: =SUM(B97:AY97) -> 0
A98: Applicable Files | B98: =IF(B36="N/A",0,1) -> 1 | C98: =IF(C36="N/A",0,1) -> 1 | D98: =IF(D36="N/A",0,1) -> 1 | E98: =IF(E36="N/A",0,1) -> 1 | F98: =IF(F36="N/A",0,1) -> 1 | G98: =IF(G36="N/A",0,1) -> 1 | H98: =IF(H36="N/A",0,1) -> 1 | I98: =IF(I36="N/A",0,1) -> 1 | ... AY98: =IF(AY36="N/A",0,1) -> 1 | AZ98: =SUM(B98:AY98) -> 50
A99: Non Compliant | B99: =IF(B36="NO",1,0) -> 0 | C99: =IF(C36="NO",1,0) -> 0 | D99: =IF(D36="NO",1,0) -> 0 | E99: =IF(E36="NO",1,0) -> 0 | F99: =IF(F36="NO",1,0) -> 0 | G99: =IF(G36="NO",1,0) -> 0 | H99: =IF(H36="NO",1,0) -> 0 | I99: =IF(I36="NO",1,0) -> 0 | ... AY99: =IF(AY36="NO",1,0) -> 0 | AZ99: =SUM(B99:AY99) -> 0
A100: =A38 -> Provision of Eligible Assistance
A101: Files Reviewed | B101: =IF(B38="",0,1) -> 0 | C101: =IF(C38="",0,1) -> 0 | D101: =IF(D38="",0,1) -> 0 | E101: =IF(E38="",0,1) -> 0 | F101: =IF(F38="",0,1) -> 0 | G101: =IF(G38="",0,1) -> 0 | H101: =IF(H38="",0,1) -> 0 | I101: =IF(I38="",0,1) -> 0 | ... AY101: =IF(AY38="",0,1) -> 0 | AZ101: =SUM(B101:AY101) -> 0
A102: Applicable Files | B102: =IF(B38="N/A",0,1) -> 1 | C102: =IF(C38="N/A",0,1) -> 1 | D102: =IF(D38="N/A",0,1) -> 1 | E102: =IF(E38="N/A",0,1) -> 1 | F102: =IF(F38="N/A",0,1) -> 1 | G102: =IF(G38="N/A",0,1) -> 1 | H102: =IF(H38="N/A",0,1) -> 1 | I102: =IF(I38="N/A",0,1) -> 1 | ... AY102: =IF(AY38="N/A",0,1) -> 1 | AZ102: =SUM(B102:AY102) -> 50
A103: Non Compliant | B103: =IF(B38="NO",1,0) -> 0 | C103: =IF(C38="NO",1,0) -> 0 | D103: =IF(D38="NO",1,0) -> 0 | E103: =IF(E38="NO",1,0) -> 0 | F103: =IF(F38="NO",1,0) -> 0 | G103: =IF(G38="NO",1,0) -> 0 | H103: =IF(H38="NO",1,0) -> 0 | I103: =IF(I38="NO",1,0) -> 0 | ... AY103: =IF(AY38="NO",1,0) -> 0 | AZ103: =SUM(B103:AY103) -> 0
A104: =A40 -> Rental Asistance Agreement
A105: Files Reviewed | B105: =IF(B40="",0,1) -> 0 | C105: =IF(C40="",0,1) -> 0 | D105: =IF(D40="",0,1) -> 0 | E105: =IF(E40="",0,1) -> 0 | F105: =IF(F40="",0,1) -> 0 | G105: =IF(G40="",0,1) -> 0 | H105: =IF(H40="",0,1) -> 0 | I105: =IF(I40="",0,1) -> 0 | ... AY105: =IF(AY40="",0,1) -> 0 | AZ105: =SUM(B105:AY105) -> 0
A106: Applicable Files | B106: =IF(B40="N/A",0,1) -> 1 | C106: =IF(C40="N/A",0,1) -> 1 | D106: =IF(D40="N/A",0,1) -> 1 | E106: =IF(E40="N/A",0,1) -> 1 | F106: =IF(F40="N/A",0,1) -> 1 | G106: =IF(G40="N/A",0,1) -> 1 | H106: =IF(H40="N/A",0,1) -> 1 | I106: =IF(I40="N/A",0,1) -> 1 | ... AY106: =IF(AY40="N/A",0,1) -> 1 | AZ106: =SUM(B106:AY106) -> 50
A107: Non Compliant | B107: =IF(B40="NO",1,0) -> 0 | C107: =IF(C40="NO",1,0) -> 0 | D107: =IF(D40="NO",1,0) -> 0 | E107: =IF(E40="NO",1,0) -> 0 | F107: =IF(F40="NO",1,0) -> 0 | G107: =IF(G40="NO",1,0) -> 0 | H107: =IF(H40="NO",1,0) -> 0 | I107: =IF(I40="NO",1,0) -> 0 | ... AY107: =IF(AY40="NO",1,0) -> 0 | AZ107: =SUM(B107:AY107) -> 0
A108: =A42 -> FMR/Rent Reasonableness
A109: Files Reviewed | B109: =IF(B42="",0,1) -> 0 | C109: =IF(C42="",0,1) -> 0 | D109: =IF(D42="",0,1) -> 0 | E109: =IF(E42="",0,1) -> 0 | F109: =IF(F42="",0,1) -> 0 | G109: =IF(G42="",0,1) -> 0 | H109: =IF(H42="",0,1) -> 0 | I109: =IF(I42="",0,1) -> 0 | ... AY109: =IF(AY42="",0,1) -> 0 | AZ109: =SUM(B109:AY109) -> 0
A110: Applicable Files | B110: =IF(B42="N/A",0,1) -> 1 | C110: =IF(C42="N/A",0,1) -> 1 | D110: =IF(D42="N/A",0,1) -> 1 | E110: =IF(E42="N/A",0,1) -> 1 | F110: =IF(F42="N/A",0,1) -> 1 | G110: =IF(G42="N/A",0,1) -> 1 | H110: =IF(H42="N/A",0,1) -> 1 | I110: =IF(I42="N/A",0,1) -> 1 | ... AY110: =IF(AY42="N/A",0,1) -> 1 | AZ110: =SUM(B110:AY110) -> 50
A111: Non Compliant | B111: =IF(B42="NO",1,0) -> 0 | C111: =IF(C42="NO",1,0) -> 0 | D111: =IF(D42="NO",1,0) -> 0 | E111: =IF(E42="NO",1,0) -> 0 | F111: =IF(F42="NO",1,0) -> 0 | G111: =IF(G42="NO",1,0) -> 0 | H111: =IF(H42="NO",1,0) -> 0 | I111: =IF(I42="NO",1,0) -> 0 | ... AY111: =IF(AY42="NO",1,0) -> 0 | AZ111: =SUM(B111:AY111) -> 0

Sheet DV-SSO-CE Guide
A2: DV-SSO-CE
A5: Documentation of Homelessness
A6: Agencies operating Emergency Solutions Grant (ESG) Street Outreach programs must document that each participant meets HUD’s Category 1: Literally Homeless definition (24 CFR §576.2) at the time services begin.
A7: A person is considered literally homeless if they are:
A8: Living in a place not meant for human habitation (such as streets, vehicles, abandoned buildings, or encampments),
A9: Staying in an emergency shelter, or
A10: Exiting an institution (such as jail, hospital, or treatment facility) where they stayed 90 days or less and were living in a place not meant for human habitation or in an emergency shelter immediately before entering the institution.
A11: Acceptable Documentation
A12: Agencies must maintain records showing the participant met the Category 1 definition at program entry. Acceptable documentation may include:
A13: Written verification from a street outreach worker confirming the person was observed living in a place not meant for human habitation.
A14: HMIS records showing the participant entered the program from a street outreach contact or emergency shelter.
A15: Discharge paperwork or written verification from an institution confirming the length of stay and prior homeless status.
... A396: Proper documentation ensures that rental assistance is cost-effective, compliant, and supports long-term housing stability.

Sheet PRCExit
A2: PR&C Exit Interview Form (DV-SSO-CE)
A4: Date | B4: Partner Agency | F4: Program | I4: Reviewers
A5: ='DV-SSO-CE Tool'!B4 -> 0 | B5: ='DV-SSO-CE Tool'!B2 -> 0 | F5: ='DV-SSO-CE Tool'!B3 -> 0
A6: Client File Review Summary
A7: Standard | G7: Number of Applicable Files | I7: Number Non Compliant | K7: Compliance Percentage
A8: ='DV-SSO-CE Tool'!A14 -> Documentation of Homlessness | G8: ='DV-SSO-CE Tool'!AZ54 -> 50 | I8: ='DV-SSO-CE Tool'!AZ55 -> 0 | K8: =1-(I8/G8) -> 1
A9: ='DV-SSO-CE Tool'!A16 -> Evaluation / Needs Assessment | G9: ='DV-SSO-CE Tool'!AZ58 -> 50 | I9: ='DV-SSO-CE Tool'!AZ59 -> 0 | K9: =1-(I9/G9) -> 1
A10: ='DV-SSO-CE Tool'!A18 -> Annual Reassessment | G10: ='DV-SSO-CE Tool'!AZ62 -> 50 | I10: ='DV-SSO-CE Tool'!AZ63 -> 0 | K10: =1-(I10/G10) -> 1
A11: ='DV-SSO-CE Tool'!A20 -> Termination and Appeals Acknowledgement | G11: ='DV-SSO-CE Tool'!AZ66 -> 50 | I11: ='DV-SSO-CE Tool'!AZ67 -> 0 | K11: =1-(I11/G11) -> 1
A12: ='DV-SSO-CE Tool'!A22 -> Termination and Appeals Documentation | G12: ='DV-SSO-CE Tool'!AZ70 -> 50 | I12: ='DV-SSO-CE Tool'!AZ71 -> 0 | K12: =1-(I12/G12) -> 1
A13: ='DV-SSO-CE Tool'!A24 -> Individualized Housing Stability Plans | G13: ='DV-SSO-CE Tool'!AZ74 -> 50 | I13: ='DV-SSO-CE Tool'!AZ75 -> 0 | K13: =1-(I13/G13) -> 1
A14: ='DV-SSO-CE Tool'!A26 -> Case file documentation | G14: ='DV-SSO-CE Tool'!AZ78 -> 50 | I14: ='DV-SSO-CE Tool'!AZ79 -> 0 | K14: =1-(I14/G14) -> 1
A15: ='DV-SSO-CE Tool'!A28 -> Lease or Housing Agreement Requirements | G15: ='DV-SSO-CE Tool'!AZ82 -> 50 | I15: ='DV-SSO-CE Tool'!AZ83 -> 0 | K15: =1-(I15/G15) -> 1
A16: ='DV-SSO-CE Tool'!A84 -> VAWA client notification | G16: ='DV-SSO-CE Tool'!AZ86 -> 50 | I16: ='DV-SSO-CE Tool'!BB86 -> 0 | K16: =1-(I16/G16) -> 1
A17: ='DV-SSO-CE Tool'!A32 -> Assessment/Prioritization (HAST/RPT) | G17: ='DV-SSO-CE Tool'!AZ90 -> 50 | I17: ='DV-SSO-CE Tool'!AZ91 -> 0 | K17: =1-(I17/G17) -> 1
A18: ='DV-SSO-CE Tool'!A34 -> Documentation of Habitability Inspection | G18: ='DV-SSO-CE Tool'!AZ94 -> 50 | I18: ='DV-SSO-CE Tool'!AZ95 -> 0 | K18: =1-(I18/G18) -> 1
A19: ='DV-SSO-CE Tool'!A36 -> Lead Based Paint | G19: ='DV-SSO-CE Tool'!AZ98 -> 50 | I19: ='DV-SSO-CE Tool'!AZ99 -> 0 | K19: =1-(I19/G19) -> 1
A20: ='DV-SSO-CE Tool'!A38 -> Provision of Eligible Assistance | G20: ='DV-SSO-CE Tool'!AZ102 -> 50 | I20: ='DV-SSO-CE Tool'!AZ103 -> 0 | K20: =1-(I20/G20) -> 1
A21: ='DV-SSO-CE Tool'!A40 -> Rental Asistance Agreement | G21: ='DV-SSO-CE Tool'!AZ106 -> 50 | I21: ='DV-SSO-CE Tool'!AZ107 -> 0 | K21: =1-(I21/G21) -> 1
A22: ='DV-SSO-CE Tool'!A42 -> FMR/Rent Reasonableness | G22: ='DV-SSO-CE Tool'!AZ110 -> 50 | I22: ='DV-SSO-CE Tool'!AZ111 -> 0 | K22: =1-(I22/G22) -> 1
A23: Overall Monitoring Score | G23: =SUM(G8:H22) -> 750 | I23: =SUM(I8:J22) -> 0 | K23: =1-(I23/G23) -> 1
A24: Standards feedback, recommendations and improvement needed
A27: Next Steps (Follow up)
B28: No follow up needed at this time. Final review and determination will be provided on the PR&C report
A29: x | B29: Please provide follow up information for the items listed below
A31: 1
A32: 2
A33: 3
A34: 4
A35: 5
